 Dungeon Crawl Stone Soup version 0.28.0-53-g5a82cb258f (webtiles) character file.

Game seed: 15745439182858793814

64948 Kaptain the Geomancer (level 15, -4/97 HPs)
             Began as a Gargoyle Earth Elementalist on July 13, 2022.
             Slain by an entropy weaver simulacrum (34 damage)
             ... in an ice cave.
             The game lasted 00:45:05 (24034 turns).

Kaptain the Geomancer (GrEE)                       Turns: 24034, Time: 00:45:06

Health: -4/97      AC: 24    Str: 16    XL:     15   Next: 14%
Magic:  0/29       EV: 11    Int: 22    God:
Gold:   615        SH:  5    Dex: 12    Spells: 27/35 levels left

rFire   . . .      SeeInvis +   f - +2 scimitar (flame)
rCold   . . .      Faith    .   h - +0 buckler
rNeg    + . .      Spirit   .   D - +0 troll leather armour
rPois   ∞          Reflect  .   R - +0 helmet
rElec   +          Harm     .   l - +0 cloak
rCorr   .          Rampage  .   w - +0 pair of gloves {Str+3}
Will    +....                   F - +2 pair of boots
Stlth   +++.......              c - amulet of the acrobat
HPRegen 1.06/turn               m - ring of wizardry
MPRegen 0.21/turn               u - ring of see invisible

@: flying
A: sickness immunity, AC +11, big wings, negative energy resistance 1,
electricity resistance, torment resistance 1, petrification resistance, thin
skeletal structure 1
a: no special abilities


You were in an ice cave.
You visited 3 branches of the dungeon, and saw 15 of its levels.
You also visited: Ice Cave.

You collected 615 gold pieces.

Inventory:

Hand Weapons
 f - a +2 scimitar of flaming (weapon)
 H - the +11 plutonium sword {Contam Stlth-}
   (You took it off a centaur warrior on level 9 of the Dungeon)

   It occasionally inflicts wild transmutation effects on those it strikes,
   inflicting malmutation or extra damage, or polymorphing them into a new form.
   Contam:    It causes magical contamination when unequipped.
   Stlth:     It makes you less stealthy.
 J - a +1 trident of flaming
Missiles
 s - 55 stones
 O - a throwing net
Armour
 e - +0 steam dragon scales
 h - a +0 buckler (worn)
 i - a +1 chain mail of cold resistance
 l - a +0 cloak (worn)
 w - a +0 pair of gloves of strength (worn)
 D - a +0 troll leather armour (worn)
 F - a +2 pair of boots (worn)
 R - a +0 helmet (worn)
 S - a +2 hat
Jewellery
 c - an amulet of the acrobat (around neck)
 k - a ring of positive energy
 m - a ring of wizardry (left hand)
 q - a ring of positive energy
 u - a ring of see invisible (right hand)
 v - a ring of flight
 x - an amulet of reflection
 G - an amulet of faith
Wands
 j - a wand of digging (3)
 n - a wand of paralysis (12)
 r - a wand of iceblast (3)
 I - a wand of mindburst (4)
 P - a wand of flame (24)
 T - a wand of acid (7)
Scrolls
 a - a scroll of torment
 b - a scroll of summoning {unknown}
 d - 2 scrolls of magic mapping
 t - 5 scrolls of fog
 y - 2 scrolls of enchant armour
 z - a scroll of brand weapon
 A - a scroll of fear
 L - a scroll of amnesia
 M - 6 scrolls of enchant weapon
 Q - 2 scrolls of teleportation
Potions
 g - 3 potions of brilliance
 o - 3 potions of haste
 p - 3 potions of curing
 B - 3 potions of flight
 C - 3 potions of heal wounds
 E - 2 potions of ambrosia
 K - 3 potions of might
 V - a potion of mutation


   Skills:
 * Level 12.6 Fighting
 + Level 8.6 Armour
 - Level 1.5 Dodging
 - Level 4.0 Stealth
 + Level 5.8 Shields
 * Level 10.9 Spellcasting
 * Level 12.5 Conjurations
 - Level 0.7 Transmutations
 * Level 14.1 Earth Magic


You had 27 spell levels left.
You knew the following spells:

 Your Spells              Type           Power      Damage    Failure   Level
a - Sandblast             Erth           100%       2d20      1%          1
b - Stone Arrow           Conj/Erth      100%       3d13      1%          3
c - Sticky Flame          Conj/Fire      39%        2d6       2%          4

Your spell library contained the following spells:

 Spells                   Type           Power      Damage    Failure   Level
 Foxfire                  Conj/Fire      100%       2x1d9     1%          1
 Passwall                 Tmut/Erth      36%        N/A       1%          2
 Static Discharge         Conj/Air       39%        N/A       1%          2
 Conjure Flame            Conj/Fire      39%        6-21      1%          3
 Dazzling Flash           Conj/Hex       78%        N/A       1%          3
 Petrify                  Tmut/Erth      44%        N/A       1%          4
 Flame Wave               Conj/Fire      39%        2d9       2%          4
 Iskenderun's Mystic Bla  Conj/Tloc      39%        2d9       2%          4
 Apportation              Tloc           24%        N/A       3%          1
 Summon Small Mammal      Summ           48%        N/A       3%          1
 Blink                    Tloc           24%        N/A       5%          2
 Corpse Rot               Necr/Air       24%        N/A       5%          2
 Poisonous Vapours        Pois/Air       24%        N/A       5%          2
 Borgnjor's Vile Clutch   Necr/Erth      21%        N/A       5%          5
 Lightning Bolt           Conj/Air       19%        1d34      7%          5
 Ignite Poison            Fire/Tmut/Pois 13%        N/A       9%          3
 Call Canine Familiar     Summ           12%        N/A       11%         3
 Inner Flame              Hex/Fire       12%        N/A       11%         3
 Lesser Beckoning         Tloc           12%        N/A       11%         3
 Summon Guardian Golem    Hex/Summ       12%        N/A       11%         3
 Orb of Destruction       Conj           30%        9d10      16%         7
 Animate Dead             Necr           6%         N/A       32%         4
 Starburst                Conj/Fire      19%        6d7       34%         6
 Alistair's Intoxication  Tmut/Pois      8%         N/A       58%         5
 Manifold Assault         Tloc           12%        N/A       65%         5
 Summon Forest            Summ/Tloc      6%         N/A       65%         5
 Summon Mana Viper        Hex/Summ       12%        N/A       65%         5
 Spellforged Servitor     Conj/Summ      19%        N/A       88%         7
 Death Channel            Necr           6%         N/A       99%         6
 Summon Cactus Giant      Summ           6%         N/A       99%         6
 Maxwell's Capacitive Co  Air            6%         ∞         100%        8


Dungeon Overview and Level Annotations

Branches:
Dungeon (9/15)             Temple (1/1) D:6            Lair (5/6) D:9
 Shoals (0/4) Lair:2        Snake (0/4) Lair:3        Slime (0/5) Lair:5
  IceCv (1/1)
    Orc: D:9-12

Altars:
Ashenzari
Cheibriados
Dithmenos
Elyvilon
Fedhas
Gozag
Hepliaklqana
Kikubaaqudgha
Makhleb
Nemelex Xobeh
Okawaru
Qazlal
Ru
Sif Muna
Trog
Uskayaw
Vehumet
Wu Jian
Xom
Yredelemnul
Zin
The Shining One
Jiyva

Shops:
D:1 :


Innate Abilities, Weirdness & Mutations

You are immune to sickness and miasma.
Your stone body is resilient. (AC +11)
You are immune to poison.
Your large and strong wings let you fly.
You resist negative energy. (rN+)
You are resistant to electric shocks. (rElec)
You are resistant to unholy torment.
You are immune to petrification.
You have a somewhat thin skeletal structure. (Dex +2, Stealth+)


Message History

The stone arrow hits the anaconda simulacrum!!
The anaconda simulacrum vaporises!
Unknown command.
Casting: Stone Arrow (safe; 1% risk of failure)
Confirm with . or Enter, or press ? or * to list all spells.
Aiming: Stone Arrow (safe; 1% risk of failure)
Press: ? - help, Shift-Dir - straight line, f - white ugly thing
Aim: a white ugly thing (freezing vapour, 78% to hit)
The stone arrow hits the white ugly thing!!
The white ugly thing is moderately wounded.
The white ugly thing is engulfed in freezing vapours.
The white ugly thing barely misses you.
Casting: Stone Arrow (safe; 1% risk of failure)
Confirm with . or Enter, or press ? or * to list all spells.
Aiming: Stone Arrow (safe; 1% risk of failure)
Press: ? - help, Shift-Dir - straight line, f/p - white ugly thing
Aim: a white ugly thing (moderately wounded, 78% to hit)
The stone arrow hits the white ugly thing!
The white ugly thing is heavily wounded.
You block the white ugly thing's attack.
Unknown command.
Casting: Stone Arrow (safe; 1% risk of failure)
Confirm with . or Enter, or press ? or * to list all spells.
Aiming: Stone Arrow (safe; 1% risk of failure)
Press: ? - help, Shift-Dir - straight line, f/p - white ugly thing
Aim: a white ugly thing (heavily wounded, 78% to hit)
The stone arrow hits the white ugly thing!
The white ugly thing is severely wounded.
The white ugly thing kicks you. The white ugly thing freezes you!!
* * * LOW HITPOINT WARNING * * *
Casting: Stone Arrow (safe; 1% risk of failure)
Confirm with . or Enter, or press ? or * to list all spells.
Aiming: Stone Arrow (safe; 1% risk of failure)
Press: ? - help, Shift-Dir - straight line, f/p - white ugly thing
Aim: a white ugly thing (severely wounded, 78% to hit)
The stone arrow hits the white ugly thing!!
You kill the white ugly thing!
The entropy weaver simulacrum hits you.
The entropy weaver simulacrum freezes you!!
You die...

####### #############
#.....## ##.....#.....##
#......###......#......##
#.......#.......#.......#.
#.∩..∩...@Z...............
#.......#.......#.......#.
#......###.....[#......##
#.....## ##..!..#.....##
####### #############


You could see an entropy weaver simulacrum.

Vanquished Creatures
  Harold (D:7)
  6 hydras
  A two-headed ogre (D:9)
  A centaur warrior (D:9)
  A tengu warrior (D:9)
  A lindwurm (Lair:4)
  Pikel (D:7)
  A deep elf pyromancer (D:8)
  2 ugly things
  6 centaur zombies
  A merfolk siren (Lair:2)
  Joseph (D:8)
  8 elephants
  3 ice statues (IceCv)
  A black mamba (Lair:1)
  7 cane toads
  3 rime drakes
  Psyche (D:8)
  An anaconda simulacrum (IceCv)
  A freezing wraith (IceCv)
  2 efreet (D:9)
  A tengu conjurer (D:9)
  9 komodo dragons
  2 polar bears
  3 merfolk (Lair:2)
  A troll (D:9)
  2 hornets
  10 blink frogs
  Prince Ribbit (D:8)
  12 dream sheep (Lair:3)
  A shadow (D:7)
  A vampire (D:8)
  4 wyverns
  2 basilisks
  4 steam dragons
  46 yaks
  A death yak simulacrum (IceCv)
  Menkaure (D:6)
  15 water moccasins
  A sky beast (D:6)
  5 ogres
  A black bear (Lair:1)
  6 orc warriors
  A necrophage (D:6)
  A boggart (D:9)
  A centaur (D:9)
  13 wolves
  A phantom (D:5)
  A lemure (D:7)
  3 kobold brigands
  14 bullfrogs
  4 scorpions
  A cane toad simulacrum (IceCv)
  A gnoll sergeant (D:9)
  2 killer bees (D:9)
  5 wights (D:9)
  3 howler monkeys (D:8)
  2 bullfrog zombies
  4 jellies
  3 orc priests
  3 gnoll shamans
  2 hounds
  A bullfrog skeleton (D:5)
  Crazy Yiuf (D:2)
  A centaur skeleton (D:7)
  17 iguanas
  Terence (D:2)
  Natasha (thrice) (D:2)
  5 orc wizards
  2 polar bear simulacra (IceCv)
  2 killer bee zombies
  2 wolf simulacra (IceCv)
  A howler monkey skeleton (D:5)
  17 gnolls
  7 adders
  A white imp (D:8)
  An ufetubus (D:7)
  4 worms
  4 dart slugs
  32 orcs
  3 ball pythons
  4 endoplasms
  A giant cockroach (D:4)
  5 goblins
  7 hobgoblins
  2 jackals (D:3)
  2 quokkas
  3 bats (D:3)
  18 frilled lizards
  18 kobolds
  8 rats
417 creatures vanquished.

Vanquished Creatures (others)
  2 jellies (D:9)
  6 bushes (Lair:3)
  24 fungi
  59 plants
91 creatures vanquished.

Grand Total: 508 creatures vanquished

Notes
Turn   | Place    | Note
-------+----------+-------------------------------------------
     0 | D:1      | Kaptain the Gargoyle Earth Elementalist began the quest for
                  | the Orb.
     0 | D:1      | Reached XP level 1. HP: 10/10 MP: 3/3
   197 | D:1      | Reached XP level 2. HP: 16/16 MP: 5/5
   197 | D:1      | Found Suwkochi's Book Shop.
   994 | D:2      | Noticed Terence
  1002 | D:2      | Reached skill level 1 in Conjurations
  1002 | D:2      | Reached XP level 3. HP: 20/20 MP: 4/6
  1003 | D:2      | Reached skill level 1 in Fighting
  1003 | D:2      | Reached skill level 4 in Earth Magic
  1564 | D:2      | Learned a level 3 spell: Stone Arrow
  1661 | D:2      | Killed Terence
  1837 | D:2      | Noticed Natasha
  1847 | D:2      | HP: 1/20 [Natasha (3)]
  1848 | D:2      | Killed Natasha
  1849 | D:2      | Reached skill level 1 in Armour
  1849 | D:2      | Reached XP level 4. HP: 2/25 MP: 2/7
  2238 | D:2      | Noticed Natasha
  2247 | D:2      | Killed Natasha
  2276 | D:2      | Noticed Natasha
  2322 | D:2      | Killed Natasha
  2323 | D:2      | Reached XP level 5. HP: 23/30 MP: 6/9
  2494 | D:2      | Found a runed translucent door.
  2495 | D:2      | Noticed Crazy Yiuf
  2504 | D:2      | Killed Crazy Yiuf
  2848 | D:3      | Identified the +0 short sword of Thoughtfulness {distort,
                  | SInv}
  3079 | D:3      | Found a faded altar of an unknown god.
  3329 | D:3      | Reached XP level 6. HP: 36/36 MP: 7/10
  3500 | D:4      | Found a hide-covered altar of Uskayaw.
  3799 | D:4      | Reached skill level 5 in Earth Magic
  3958 | D:4      | Found an ancient bone altar of Kikubaaqudgha.
  3969 | D:4      | Gained mutation: You have a somewhat thin skeletal
                  | structure. (Dex +2, Stealth+) [potion of mutation]
  4451 | D:4      | Reached XP level 7. HP: 34/41 MP: 0/12
  5084 | D:5      | Entered Level 5 of the Dungeon
  5559 | D:5      | Reached skill level 6 in Earth Magic
  5559 | D:5      | Reached XP level 8. HP: 48/48 MP: 3/14
  5903 | D:5      | Noticed a wyvern
  5916 | D:5      | Killed a wyvern
  6411 | D:5      | Found an opulent altar of Gozag.
  6590 | D:6      | Reached skill level 5 in Fighting
  6690 | D:6      | Reached skill level 5 in Conjurations
  6774 | D:6      | Found a staircase to the Ecumenical Temple.
  6807 | D:6      | Reached skill level 7 in Earth Magic
  6951 | D:6      | Reached skill level 5 in Spellcasting
  6951 | D:6      | Reached XP level 9. HP: 13/54 MP: 1/16
  7116 | Temple   | Entered the Ecumenical Temple
  7707 | D:6      | Noticed Menkaure
  7712 | D:6      | Killed Menkaure
  8143 | D:7      | Reached skill level 8 in Earth Magic
  8470 | D:7      | Noticed Pikel
  8493 | D:7      | Killed Pikel
  8494 | D:7      | Reached XP level 10. HP: 48/61 MP: 1/19
  8766 | D:7      | Found a large runed translucent door.
  8766 | D:7      | Found a large runed translucent door.
  8851 | D:7      | Noticed Harold
  9055 | D:7      | Found a white marble altar of Elyvilon.
  9056 | D:7      | Found a hazy altar of Hepliaklqana.
  9314 | D:7      | Found a sparkling altar of Nemelex Xobeh.
  9413 | D:7      | Found an ornate altar of the Wu Jian Council.
  9452 | D:7      | Killed Harold
  9453 | D:7      | Reached skill level 5 in Armour
  9453 | D:7      | Reached skill level 9 in Earth Magic
  9717 | D:8      | Found a blossoming altar of Fedhas.
  9721 | D:8      | Found a stormy altar of Qazlal.
  9722 | D:8      | Noticed Psyche
 10099 | D:8      | Found a radiant altar of Vehumet.
 10287 | D:8      | Noticed Joseph
 10294 | D:8      | Killed Joseph
 10419 | D:8      | Noticed Prince Ribbit
 10441 | D:8      | Killed Prince Ribbit
 10608 | D:8      | Noticed a deep elf pyromancer
 10614 | D:8      | Killed a deep elf pyromancer
 10812 | D:8      | Killed Psyche
 11021 | D:8      | Reached XP level 11. HP: 68/68 MP: 11/21
 11246 | D:8      | Reached skill level 10 in Earth Magic
 11503 | D:9      | Found a viscous altar of Jiyva.
 12200 | D:9      | Noticed a green ugly thing
 12205 | D:9      | Killed a green ugly thing
 12295 | D:9      | Noticed a tengu warrior
 12299 | D:9      | Killed a tengu warrior
 12564 | D:9      | Reached skill level 1 in Shields
 12981 | D:9      | Noticed a two-headed ogre
 12986 | D:9      | Killed a two-headed ogre
 13028 | D:9      | Noticed a centaur warrior
 13054 | D:9      | Killed a centaur warrior
 13224 | D:9      | Reached skill level 11 in Earth Magic
 13674 | D:9      | Reached XP level 12. HP: 63/77 MP: 14/24
 13729 | D:9      | Found a staircase to the Lair.
 13988 | Lair:1   | Entered Level 1 of the Lair of Beasts
 14443 | Lair:1   | Noticed an eight-headed hydra
 14449 | Lair:1   | Killed an eight-headed hydra
 14450 | Lair:1   | Reached skill level 10 in Fighting
 14705 | Lair:1   | Reached skill level 10 in Conjurations
 15103 | Lair:1   | Noticed a six-headed hydra
 15135 | Lair:1   | Killed a six-headed hydra
 15291 | Lair:1   | Learned a level 4 spell: Sticky Flame
 15749 | Lair:1   | Noticed a four-headed hydra
 15768 | Lair:1   | Killed a one-headed hydra
 15769 | Lair:1   | Reached skill level 12 in Earth Magic
 15891 | Lair:1   | Noticed an eight-headed hydra
 15897 | Lair:1   | Killed an eight-headed hydra
 16019 | Lair:1   | Noticed a four-headed hydra
 16027 | Lair:1   | Killed a two-headed hydra
 16936 | Lair:2   | Noticed a seven-headed hydra
 16943 | Lair:2   | Killed a seven-headed hydra
 17074 | Lair:2   | Reached XP level 13. HP: 84/84 MP: 11/26
 18061 | Lair:2   | You fall into a shaft and drop 1 floor!
 18189 | Lair:2   | Found a staircase to the Shoals.
 20429 | Lair:3   | Found a staircase to the Snake Pit.
 20437 | Lair:3   | Reached skill level 5 in Shields
 20585 | Lair:3   | Reached skill level 10 in Spellcasting
 20675 | Lair:3   | Reached skill level 13 in Earth Magic
 22713 | Lair:4   | Gained mutation: Your large and strong wings let you fly.
                  | [Gargoyle growth]
 22713 | Lair:4   | Reached XP level 14. HP: 92/92 MP: 15/28
 23278 | Lair:5   | Found a frozen archway.
 23291 | IceCv    | Entered an ice cave
 24002 | IceCv    | Reached skill level 14 in Earth Magic
 24002 | IceCv    | Reached XP level 15. HP: 97/97 MP: 29/29
 24034 | IceCv    | Slain by an entropy weaver simulacrum

Illustrated notes

Levels and vault maps discovered:
D:1:      matt_arrival_grand_opening, layout_loops_ring, serial_shops, shop
D:2:      layout_loops_ring, uniq_crazy_yiuf_cottage, uniq_natasha, uniq_terence
D:3:      minmay_inner_zag, layout_rooms, basic_ecumenical_altar,
          minmay_fractal_squares_5
D:4:      layout_gridville, mainiacjoe_overflow_six_doors_small,
          nicolae_uskayaw_dance_hall, minmay_misc_feat_nine_boxes
D:5:      layout_rooms, grunt_gozag_statues, minmay_crossroads
D:6:      layout_gridville, minmay_temple_entry_statues_pillars, minivault_25,
          uniq_menkaure
D:7:      layout_loops_ring, mainiacjoe_overflow_divided_tiny,
          jmf_multi_god_temple2, uniq_pikel, uniq_harold
D:8:      layout_basic, grunt_temple_overflow_forces_of_nature,
          nicolae_vehumet_altar_sigil, serial_corexii_hall,
          corexii_hall_statues_l, chequers_hall_statues_corner_a, uniq_psyche,
          uniq_prince_ribbit1, uniq_joseph
D:9:      minmay_the_grid_plus [minmay_the_grid_expand, minmay_the_grid_doors,
          minmay_the_grid_pillar_ring, minmay_the_grid_minigrid_small,
          minmay_the_grid_prize_inner_circle], layout_long_grid, kennysheep_nub,
          jiyva_altar_1
Temple:   hc_temple_tempest_star
Lair:1:   lemuel_reptile_caves, layout_chaotic_city,
          nicolae_quartered_pool_little, beast_lair_carwin_5
Lair:2:   layout_cave_pods, elwin_shoals_entry_stream
Lair:3:   layout_cave_pods, dummy_snake_entry, grunt_forest_stairs_basic,
          nicolae_lair_grazing_beasts [nicolae_sub_lair_graze_edge,
          nicolae_sub_lair_graze_edge, nicolae_sub_lair_graze_edge,
          nicolae_sub_lair_graze_edge], grunt_megastairs_1
Lair:4:   layout_hall_layers, fungi_pond_lemuel
Lair:5:   layout_regular_city, dpeg_slime_entry_enclosed_altar, enter_volcano_4,
          portal_ice_cave_rime
IceCv:    ice_cave_statue_garden_chambered

Skill      XL: |  1  2  3  4  5  6  7  8  9 10 11 12 13 14 |
---------------+-------------------------------------------+-----
Conjurations   | 1 2 3 4 5 6 8 9 10 11 12 | 12.5
Fighting       | 1 2 3 4 5 6 8 9 10 12 | 12.6
Earth Magic    | 4 5 6 7 8 9 11 12 13 14 | 14.1
Armour         | 1 2 3 4 5 6 7 8 |  8.6
Stealth        | 3 4 |  4.0
Spellcasting   | 3 4 5 6 7 8 9 10 | 10.9
Shields        | 2 4 5 |  5.8
Dodging        | |  1.5
Transmutations | |  0.7

Action                   |  1- 3 |  4- 6 |  7- 9 | 10-12 | 13-15 || total
-------------------------+-------+-------+-------+-------+-------++-------
Melee: Whip              |    38 |       |       |       |       ||    38
       Punch             |     2 |       |     1 |       |       ||     3
       Long sword        |     6 |    36 |    36 |       |       ||    78
       Rapier            |       |       |    11 |    17 |       ||    28
       Scimitar          |       |       |       |    78 |    40 ||   118
 Cast: Sandblast         |    30 |    78 |    73 |    42 |    84 ||   307
       Stone Arrow       |     5 |    13 |    74 |   326 |   223 ||   641
       Sticky Flame      |       |       |       |    10 |    22 ||    32
  Use: Scroll            |     3 |     2 |     4 |     9 |     4 ||    22
       Potion            |       |     3 |       |       |     1 ||     4
 Stab: Sleeping          |     3 |     2 |     1 |       |       ||     6
Armor: Leather armour    |    20 |    25 |    41 |       |       ||    86
       Steam dragon scal |       |       |    15 |    50 |       ||    65
       Troll leather arm |       |       |       |   104 |   136 ||   240
Dodge: Dodged            |    33 |    31 |    76 |   180 |   160 ||   480
Block: Buckler           |       |       |       |    39 |    61 ||   100
